Map: Frozen Temple

Players

IlIlIIlIIlIl - Winner!

  • Race: Terran Terran
  • League: Master

Miszu

  • Race: Terran Terran
  • League: Master

VOD

Have the link to the VOD?

Description

Time

  • Played on: April 13, 2016, 2:58 p.m.
  • Length: 4:34
Show
View Real Time Build Order
Export as new Build Order

IlIlIIlIIlIl Terran - Winner!

Build Orders: 1/1/1, Banshee Rush 

Get SALT Encoding   

  12  0:06  SCV  
  13  0:18  SCV  
  13  0:19  Supply Depot  
  14  0:27  Refinery  
  14  0:31  SCV  
  15  0:43  SCV  
  15  0:47  Barracks  
  16  0:55  SCV  
  17  1:01  Refinery  
  17  1:07  SCV  
  18  1:19  SCV  
  19  1:31  SCV  
  20  1:34  Factory  
  20  1:38  Reaper  
  21  1:46  Orbital Command  
  21  1:56  Supply Depot  
  21  2:13  Barracks Reactor  
  21  2:18  Starport  
  21  2:19  Widow Mine  
  23  2:24  SCV  
  24  2:36  SCV  
  25  2:42  Supply Depot  
  25  2:48  SCV  
  25  2:49  Factory Tech Lab  
  25  2:50  Marine x2  
  28  3:00  SCV  
  29  3:08  Marine x2  
  29  3:12  Cloaking Field, SCV  
  32  3:13  Banshee  
  32  3:14  Factory Tech Lab  
  32  3:19  Supply Depot  
  35  3:25  SCV  
  36  3:27  Marine x2  
  37  3:45  Marine x2, Siege Tank  
  42  3:48  SCV  
  46  4:09  Command Center  
Show
View Real Time Build Order
Export as new Build Order

Miszu Terran 

Build Orders: 1/1/1 

Get SALT Encoding   

  12  0:00  SCV  
  13  0:12  SCV  
  14  0:18  Supply Depot  
  14  0:25  SCV  
  15  0:29  Refinery  
  15  0:40  SCV  
  16  0:47  Barracks  
  16  0:52  SCV  
  18  1:04  SCV  
  18  1:16  SCV  
  20  1:35  Marine  
  20  1:36  Factory, Orbital Command  
  20  1:40  Supply Depot  
  20  1:53  Marine  
  21  2:02  SCV  
  22  2:11  Marine  
  25  2:23  Starport, Hellion  
  25  2:24  SCV  
  25  2:26  Supply Depot  
  25  2:29  Marine, Refinery  
  27  2:36  SCV  
  30  2:44  Hellion  
  30  2:47  Marine  
  30  2:48  SCV  
  30  2:49  Supply Depot  
  32  2:59  Medivac  
  32  3:00  SCV  
  32  3:04  Marine  
  36  3:06  Hellion  
  38  3:16  SCV  
  39  3:23  Command Center  
  39  3:24  Barracks Reactor  
  39  3:30  SCV  
  39  3:46  Viking  
  39  3:47  Factory Tech Lab  
  41  3:50  SCV  
  42  4:00  Barracks  
  42  4:01  Barracks  
  42  4:02  SCV  
  43  4:09  Engineering Bay  
  43  4:14  SCV  
Tags
 
Add a new tag
Caveats
  • Supply blocks, unpowered buildings, or Contaminate may cause inaccurate times.
  • Supply counts are checked every 10 seconds.